 Dungeon Crawl Stone Soup version 0.28.0-49-g6dfe1f597d (webtiles) character file.

Game seed: 13425005737566669585

4126 Peloso the Carver (level 10, 0/86 HPs)
             Began as a Minotaur Fighter on May 14, 2022.
             Killed by divine providence
             ... invoked by an orc priest
              (10 damage)
             ... on level 8 of the Dungeon.
             The game lasted 00:16:37 (9068 turns).

Peloso the Carver (Minotaur Fighter)                Turns: 9068, Time: 00:16:39

Health: 0/86       AC: 21    Str: 29    XL:     10   Next: 6%
Magic:  9/9        EV:  8    Int:  5    God:
Gold:   495        SH:  5    Dex: 12    Spells: 9/9 levels left

rFire   . . .      SeeInvis .   a - +1 long sword
rCold   . . .      Faith    .   c - +0 buckler
rNeg    . . .      Spirit   .   t - +0 plate armour
rPois   .          Reflect  .   (helmet restricted)
rElec   .          Harm     .   (no cloak)
rCorr   .          Rampage  .   h - +0 pair of gloves
Will    .....                   v - +0 pair of boots
Stlth   ..........              m - amulet of the acrobat
HPRegen 0.24/turn               p - +6 ring of strength
MPRegen 0.11/turn               u - +4 ring of protection

@: no status effects
A: horns 2, retaliatory headbutt
a: no special abilities


You were on level 8 of the Dungeon.
You visited 2 branches of the dungeon, and saw 9 of its levels.
You also visited: Sewer.

You collected 495 gold pieces.

Inventory:

Hand Weapons
 a - a +1 long sword (weapon)
Armour
 b - a +1 scale mail of poison resistance
 c - a +0 buckler (worn)
 h - a +0 pair of gloves (worn)
 j - a +0 chain mail
 t - a +0 plate armour (worn)
 v - a +0 pair of boots (worn)
Jewellery
 m - an amulet of the acrobat (around neck)
 p - a +6 ring of strength (left hand)
 u - a +4 ring of protection (right hand)
Wands
 k - a wand of flame (21)
 A - a wand of paralysis (4)
 H - a wand of digging (3)
Scrolls
 i - a scroll of noise
 l - a scroll of acquirement
 r - a scroll of enchant weapon
 s - a scroll of magic mapping
 x - a scroll of teleportation
 y - a scroll of fear
 z - a scroll of vulnerability {unknown}
 C - a scroll of identify {unknown}
 F - a scroll of fog {unknown}
Potions
 d - 2 potions of might
 e - a potion of brilliance
 f - a potion of cancellation
 g - 3 potions of berserk rage
 n - 2 potions of magic {unknown}
 o - 2 potions of haste
 q - 2 potions of curing {unknown}
 w - a potion of heal wounds
 B - a potion of flight {unknown}
 D - a potion of ambrosia {unknown}
 E - a potion of invisibility {unknown}
 G - a potion of mutation {unknown}


   Skills:
 + Level 7.2 Fighting
 + Level 11.7 Long Blades
 + Level 9.7 Armour
 + Level 3.1 Dodging
 + Level 0.7 Stealth
 + Level 6.8 Shields
 + Level 0.4 Evocations


You had 9 spell levels left.
You didn't know any spells.
Your spell library contained the following spells:

 Spells                   Type           Power      Damage    Failure   Level
 Magic Dart               Conj           0%         1d3       99%         1
 Sandblast                Erth           0%         2d4       99%         1
 Call Imp                 Summ           0%         N/A       100%        2
 Corpse Rot               Necr/Air       0%         N/A       100%        2
 Passwall                 Tmut/Erth      0%         N/A       100%        2
 Scorch                   Fire           0%         2d5       100%        2
 Static Discharge         Conj/Air       0%         N/A       100%        2
 Ignite Poison            Fire/Tmut/Pois 0%         N/A       100%        3
 Inner Flame              Hex/Fire       0%         N/A       100%        3
 Mephitic Cloud           Conj/Pois/Air  0%         N/A       100%        3
 Stone Arrow              Conj/Erth      0%         3d7       100%        3
 Cause Fear               Hex            0%         N/A       100%        4
 Dispel Undead            Necr           0%         3d6       100%        4
 Flame Wave               Conj/Fire      0%         2d4       100%        4
 Hailstorm                Conj/Ice       0%         3d3       100%        4
 Ice Form                 Ice/Tmut       0%         N/A       100%        4
 Passage of Golubria      Tloc           0%         N/A       100%        4
 Lightning Bolt           Conj/Air       0%         1d11      100%        5
 Silence                  Hex/Air        0%         N/A       100%        5
 Death Channel            Necr           0%         N/A       100%        6
 Summon Cactus Giant      Summ           0%         N/A       100%        6
 Discord                  Hex            0%         N/A       100%        8
 Lehudib's Crystal Spear  Conj/Erth      0%         10d2      100%        8
 Maxwell's Capacitive Co  Air            0%         ∞         100%        8


Dungeon Overview and Level Annotations

Branches:
Dungeon (8/15)             Temple (1/1) D:4            Lair (0/6) D:8
  Sewer (visited)

Altars:
Ashenzari
Cheibriados
Dithmenos
Elyvilon
Fedhas
Gozag
Hepliaklqana
Kikubaaqudgha
Nemelex Xobeh
Qazlal
Ru
Sif Muna
Trog
Uskayaw
Vehumet
Wu Jian
Yredelemnul
Zin
The Shining One


Innate Abilities, Weirdness & Mutations

You have a pair of horns on your head.
You reflexively headbutt those who attack you in melee.


Message History

You completely miss the orc. You headbutt the orc.
The orc is moderately wounded.
The orc closely misses you.
You slice the orc!!
You kill the orc!
You slash the kobold!
You kill the kobold!
You barely miss the orc. You block the orc's attack.
You hit the orc. You headbutt the orc.
You kill the orc!
The orc priest begins to cast a cantrip, but forgets the words!
You slash the kobold!
You kill the kobold!
The orc priest invokes the aid of Beogh against you.
Beogh smites you!
You barely miss the kobold. The kobold closely misses you.
You barely miss the kobold.
The orc priest looks satisfied for a moment.
The kobold hits you with a +0 whip.
You slash the kobold!
You kill the kobold!
You hit the kobold brigand but do no damage.
You headbutt the kobold brigand.
The kobold brigand is lightly wounded.
You block the kobold brigand's attack.
You barely miss the kobold brigand.
The kobold brigand is lightly wounded.
The kobold brigand hits you but does no damage.
You barely miss the kobold brigand.
The kobold brigand is lightly wounded.
The kobold brigand hits you with a +0 club!
* * * LOW HITPOINT WARNING * * *
You completely miss the kobold brigand.
The kobold brigand is lightly wounded.
The orc priest invokes the aid of Beogh against you.
Beogh smites you!
* * * LOW HITPOINT WARNING * * *
The orc priest invokes the aid of Beogh against you.
Beogh smites you!
You die...

#.........#.##. #
#.......###.##. ..
#.#########.##. #.
#.######.......
#.##.#....###.#.##
#.........###.#|#
####.#.##..|#.#.#
#......##.......#
#@##.####.#.#####
#K##.# #.#.#
#...oo#### #.#.#
#........ #.#.#
.......... #.#..
........... #.###
.....>.....K #.#
............. ...
...........#..


You could see a kobold brigand and 2 orc priests.

Vanquished Creatures
  A two-headed ogre (D:7)
  A steam dragon (D:7)
  2 wargs (D:8)
  2 water moccasins
  2 black bears (D:4)
  A hornet zombie (D:7)
  A sky beast (D:4)
  2 orc warriors
  An ice beast (D:4)
  A necrophage (D:5)
  A centaur (D:6)
  3 ogres (D:4)
  3 phantoms
  Blork the orc (D:5)
  2 gnoll sergeants
  5 killer bees (D:7)
  A wight (D:8)
  2 bullfrog zombies
  A howler monkey (D:8)
  A centaur zombie (D:5)
  A jelly (D:6)
  4 hounds
  2 bullfrog skeletons
  2 orc priests
  2 centaur skeletons (D:6)
  2 gnoll shamans
  3 iguanas
  9 orc wizards
  20 gnolls
  A howler monkey skeleton (D:6)
  9 adders
  An ufetubus (D:6)
  4 worms
  4 dart slugs
  21 orcs
  6 endoplasms
  5 giant cockroaches
  6 goblins
  4 hobgoblins
  6 jackals
  15 kobolds
  7 quokkas
  6 ball pythons
  10 bats
  3 frilled lizards
  8 rats
195 creatures vanquished.

Vanquished Creatures (others)
  2 orc wizards (D:8)
  A fungus (D:1)
  14 plants
17 creatures vanquished.

Grand Total: 212 creatures vanquished

Notes
Turn   | Place    | Note
-------+----------+-------------------------------------------
     0 | D:1      | Peloso the Minotaur Fighter began the quest for the Orb.
     0 | D:1      | Reached XP level 1. HP: 19/19 MP: 0/0
   458 | D:1      | Reached XP level 2. HP: 24/27 MP: 1/1
  1008 | D:1      | Found a faded altar of an unknown god.
  1603 | D:2      | Reached XP level 3. HP: 33/33 MP: 2/2
  1652 | D:2      | Reached skill level 3 in Long Blades
  1786 | D:2      | Reached XP level 4. HP: 31/40 MP: 3/3
  1870 | D:2      | Reached skill level 4 in Long Blades
  2008 | D:2      | Reached skill level 5 in Armour
  2011 | D:2      | Reached XP level 5. HP: 36/46 MP: 4/4
  2189 | D:2      | Got the Disquisition on the Toxic Glacier
  3128 | D:3      | Reached skill level 5 in Long Blades
  3128 | D:3      | Reached XP level 6. HP: 41/53 MP: 5/5
  3283 | D:3      | You fall into a shaft and drop 3 floors!
  3586 | D:5      | Entered Level 5 of the Dungeon
  3588 | D:5      | Noticed an ice beast
  3588 | D:5      | Noticed Blork the orc
  3635 | D:6      | Noticed a water moccasin
  3641 | D:6      | Killed a water moccasin
  3732 | D:6      | Reached skill level 1 in Dodging
  3865 | D:6      | Reached skill level 6 in Long Blades
  4146 | D:6      | Reached XP level 7. HP: 60/60 MP: 6/6
  4151 | D:6      | Found a sparkling altar of Nemelex Xobeh.
  4583 | D:4      | Reached skill level 7 in Long Blades
  4805 | D:4      | Found a staircase to the Ecumenical Temple.
  4842 | D:4      | Identified a scroll of acquirement
  4884 | D:4      | Reached skill level 5 in Fighting
  4884 | D:4      | Reached XP level 8. HP: 16/68 MP: 7/7
  4933 | D:4      | Reached skill level 8 in Long Blades
  5090 | D:4      | Found a glowing drain.
  5097 | Sewer    | Entered a sewer
  5659 | D:4      | Reached skill level 5 in Shields
  5699 | D:4      | Found a sacrificial altar of Ru.
  5886 | Temple   | Entered the Ecumenical Temple
  6413 | D:4      | Reached skill level 9 in Long Blades
  6449 | D:5      | Killed Blork the orc
  6511 | D:5      | Found a bloodstained altar of Trog.
  6639 | D:5      | Reached XP level 9. HP: 75/75 MP: 8/8
  6808 | D:5      | Found a glowing golden altar of the Shining One.
  6808 | D:5      | Found an ancient bone altar of Kikubaaqudgha.
  7139 | D:6      | Reached skill level 10 in Long Blades
  7719 | D:7      | Found a radiant altar of Vehumet.
  8229 | D:7      | Found the +7 Throatcutter {drain, coup de grace}
  8359 | D:7      | Noticed a two-headed ogre
  8372 | D:7      | Killed a two-headed ogre
  8373 | D:7      | Reached skill level 11 in Long Blades
  8645 | D:8      | Noticed a death knight
  9012 | D:8      | Found a staircase to the Lair.
  9028 | D:8      | Reached XP level 10. HP: 81/82 MP: 9/9
  9068 | D:8      | Killed from afar by an orc priest

Illustrated notes

Levels and vault maps discovered:
D:1:      psy_arrival_radial01, layout_loops_cross, serial_rivers,
          chequers_serial_rivers_micro_e, chequers_serial_rivers_room_a,
          chequers_serial_rivers_room_a, chequers_serial_rivers_small_3,
          shapermc_ecumenical_altar_acropolis, hex_tiny, chequers_avenue,
          serial_park_tiny_2, serial_park_tiny_1
D:2:      layout_basic
D:3:      layout_rooms, serial_aquarium, aquarium_bridge_square
          [aquarium_subvault_bridge, aquarium_subvault_window,
          aquarium_subvault_bridge, aquarium_subvault_wall],
          aquarium_bridge_square [aquarium_subvault_bridge,
          aquarium_subvault_bridge, aquarium_subvault_window,
          aquarium_subvault_bridge], aquarium_window_1, aquarium_window_fake,
          aquarium_view_2g, aquarium_pool_five
D:4:      minmay_chambers_of_twos, layout_basic, general_overflow_altar,
          minmay_temple_entry_hall, portal_sewer_entry_e
D:5:      layout_rooms, amethyst_overflow_temple_binary, trog_butcher_becter,
          uniq_blork_the_orc
D:6:      layout_gridville, nemelex_xobeh_ov_fountains_minmay,
          grunt_ministairs_2, grunt_decor_one_mirror
D:7:      layout_loops_ring, nicolae_vehumet_radiance
D:8:      layout_basic, mainiacjoe_overflow_paths, erik_lair_orcish_takeover,
          minmay_shattered_shrine
Temple:   nicolae_temple_god_jail

Skill      XL: |  1  2  3  4  5  6  7  8  9 |
---------------+----------------------------+-----
Shields        | 4 5 6 |  6.8
Armour         | 4 5 6 7 8 9 |  9.7
Fighting       | 4 5 6 7 |  7.2
Long Blades    | 3 4 5 6 7 9 11 | 11.7
Dodging        | 1 2 3 |  3.1
Stealth        | |  0.7
Evocations     | |  0.4

Action                   |  1- 3 |  4- 6 |  7- 9 | 10-12 || total
-------------------------+-------+-------+-------+-------++-------
Melee: Long sword        |    79 |   122 |   386 |    36 ||   623
       Headbutt          |    10 |    16 |    71 |     5 ||   102
Evoke: Wand              |       |       |     3 |       ||     3
  Use: Potion            |     3 |     1 |     1 |       ||     5
       Scroll            |       |     2 |     4 |       ||     6
Armor: Scale mail        |    19 |       |       |       ||    19
       Chain mail        |    25 |    67 |    27 |       ||   119
       Plate armour      |       |       |   227 |     8 ||   235
Dodge: Dodged            |    29 |    52 |   213 |     5 ||   299
Block: Buckler           |    20 |    26 |    92 |     3 ||   141
